 Dungeon Crawl Stone Soup version 0.31-a0-590-g8a5a4361df (webtiles) character file.

Game seed: 16559243987462145962

478 thirtiethelement the Firebug (level 6, -5/48 HPs)
             Began as a Demonspawn Cinder Acolyte on Aug 20, 2023.
             Was a High Priest of Ignis.
             Slain by a gnoll
             ... wielding a +0 flail
              (11 damage)
             ... on level 4 of the Dungeon.
             The game lasted 00:08:52 (3231 turns).

thirtiethelement the Firebug (DsCA)                 Turns: 3231, Time: 00:08:54

Health: -5/48      AC:  4    Str: 17    XL:     6   Next: 85%
Magic:  6/11       EV: 11    Int: 17    God:    Ignis [*****.]
Gold:   79         SH:  0    Dex:  9    Spells: 9/11 levels left

rFire   + . .        k - +5 mace "Emomnovi" {spect, Will+ Str+3}
rCold   . . .        (no shield)
rNeg    . . .        c - +0 leather armour
rPois   .            (helmet restricted)
rElec   .            (no cloak)
rCorr   +            n - +0 pair of gloves
SInv    .            (no boots)
Will    +....        (no amulet)
Stlth   +            m - ring of resist corrosion
HPRegen 0.28/turn    (no ring)
MPRegen 0.24/turn

%: no passive effects
@: no status effects
A: horns 1, magic regeneration, demonic magic 2
a: Renounce Religion, Fiery Armour, Foxfire Swarm, Rising Flame


You were on level 4 of the Dungeon.
You worshipped Ignis.
Ignis was extremely pleased with you.
You visited 1 branch of the dungeon, and saw 4 of its levels.

You collected 131 gold pieces.
You spent 52 gold pieces at shops.

Inventory:

Hand Weapons
 a - a -1 falchion of flaming
 b - a +2 dagger of venom
 k - the +5 mace "Emomnovi" (weapon) {spect, Will+ Str+3}
   (You found it on level 2 of the Dungeon)

   Str+3:     It affects your strength (+3).
   Will+:     It increases your willpower.
Armour
 c - a +0 leather armour (worn)
 n - a +0 pair of gloves (worn)
Jewellery
 m - a ring of resist corrosion (left hand)
 s - a ring of flight
Talismans
 p - a flux talisman
Wands
 h - a wand of iceblast (5)
 v - a wand of digging (6)
Scrolls
 f - 3 scrolls of poison {unknown}
 j - a scroll of fog {unknown}
 o - a scroll of immolation
 q - a scroll of blinking {unknown}
 r - a scroll of noise {unknown}
 t - 3 scrolls of identify {unknown}
 u - a scroll of amnesia {unknown}
 w - a scroll of acquirement {unknown}
Potions
 d - 2 potions of heal wounds {unknown}
 e - a potion of degeneration {unknown}
 g - a potion of enlightenment {unknown}
 i - a potion of cancellation {unknown}
 l - 2 potions of curing {unknown}


   Skills:
 + Level 3.9 Fighting
 + Level 3.1 Long Blades
 + Level 1.6 Maces & Flails
 + Level 1.5 Armour
 + Level 0.6 Dodging
 + Level 2.0 Stealth
 + Level 3.4 Spellcasting
 + Level 4.2 Fire Magic


You had 9 spell levels left.
You knew the following spells:

 Your Spells              Type           Power      Damage    Failure   Level
a - Scorch                Fire           34%        2d6       5%          2

Your spell library contained the following spells:

 Spells                   Type           Power      Damage    Failure   Level
 Cigotuvi's Dreadful Rot  Necr/Pois/Air  4%         N/A       30%         2
 Hailstorm                Conj/Ice       2%         3d3       52%         3
 Dispel Undead            Necr           2%         3d7       89%         4
 Summon Ice Beast         Ice/Summ       2%         N/A       89%         4
 Death Channel            Necr           1%         N/A       100%        6
 Simulacrum               Ice/Necr       1%         N/A       100%        6


Dungeon Overview and Level Annotations

Branches:
Dungeon (4/15)
 Temple: D:4-7

Altars:
Dithmenos
Yredelemnul

Shops:
D:1 (   D:3 *


Innate Abilities, Weirdness & Mutations

You have a pair of small horns on your head.
You regenerate magic rapidly.
Spells you cast may paralyse nearby enemies.


Message History

The gnoll hits you with a +0 flail.
The helpless howler monkey fails to defend itself.
You hit the howler monkey.
The howler monkey is almost dead.
Your +5 mace "Emomnovi" {spect, Will+ Str+3} hits the howler monkey!
You kill the howler monkey!
The gnoll barely misses your +5 mace "Emomnovi" {spect, Will+ Str+3}.
The gnoll hits you from afar with a +0 spear.
The gnoll hits you with a +0 flail.
The gnoll misses your +5 mace "Emomnovi" {spect, Will+ Str+3}.
The gnoll hits you with a +0 flail!
The gnoll hits you from afar with a +0 spear.
Casting: Scorch (safe; 5% risk of failure)
Confirm with . or Enter, or press ? or * to list all spells.
Flames lash the gnoll.
The gnoll is lightly wounded.
The gnoll's fire resistance burns away.
Malevolent energies surge around you.
The gnoll suddenly stops moving! x2
Your +5 mace "Emomnovi" {spect, Will+ Str+3} disappears.
The gnoll hits you with a +0 flail!
* * * LOW HITPOINT WARNING * * *
The gnoll is no longer more vulnerable to fire.
The gnoll closely misses you.
You see here a +0 whip.
The helpless gnoll fails to defend itself.
You hit the gnoll. You headbutt the gnoll.
The gnoll is severely wounded.
Your +5 mace "Emomnovi" {spect, Will+ Str+3} hits the gnoll!
You kill the gnoll!
The gnoll is no longer more vulnerable to fire.
The gnoll hits you with a +0 flail!
* * * LOW HITPOINT WARNING * * *
Your Stealth skill increases to level 2!
The helpless gnoll fails to defend itself.
You sock the gnoll! You headbutt the gnoll.
The gnoll is almost dead.
Your +5 mace "Emomnovi" {spect, Will+ Str+3} hits the gnoll.
You kill the gnoll!
The gnoll hits you with a +0 flail!
You die...

.###.#..##.#
.........#.#
....#..#.#.# .##
##...#.####
#........### #
#.##..##...###.#
#. ##...##......
#. #...†......#
. ##.g@(....# #
###))...##
#........
.......##
.......?#
####.###.# .# .
##


You could see a gnoll and a friendly +5 mace "Emomnovi" {spect, Will+ Str+3}.

Vanquished Creatures
  3 scorpions
  A howler monkey (D:4)
  A hound (D:3)
  An orc priest (D:4)
  Jessica (D:2)
  3 gnolls (D:4)
  8 adders
  2 worms
  4 dart slugs
  2 orcs (D:4)
  2 bats
  9 endoplasms
  5 giant cockroaches
  6 goblins
  3 hobgoblins
  6 quokkas
  12 ball pythons
  6 frilled lizards
  7 kobolds
  4 rats
86 creatures vanquished.

Vanquished Creatures (others)
  A bat (D:1)
1 creature vanquished.

Grand Total: 87 creatures vanquished

Notes
Turn   | Place    | Note
-------+----------+-------------------------------------------
     0 | D:1      | thirtiethelement the Demonspawn Cinder Acolyte began the
                  | quest for the Orb.
     0 | D:1      | Reached XP level 1. HP: 18/18 MP: 2/2
   171 | D:1      | Gained mutation: You have a pair of small horns on your
                  | head. [demonic ancestry]
   171 | D:1      | Reached XP level 2. HP: 20/24 MP: 3/3
   174 | D:1      | Learned a level 2 spell: Scorch
   378 | D:1      | Found Ixusez's Weapon Shop.
   629 | D:1      | Gained mutation: Spells you cast may paralyse adjacent
                  | enemies. [demonic ancestry]
   629 | D:1      | Reached XP level 3. HP: 29/29 MP: 1/4
   953 | D:2      | Noticed Jessica
   956 | D:2      | Reached skill level 3 in Fire Magic
   970 | D:2      | Killed Jessica
  1127 | D:2      | Reached XP level 4. HP: 34/36 MP: 1/6
  1287 | D:2      | Identified the +5 mace "Emomnovi" {spect, Will+ Str+3}
  1611 | D:2      | You fall into a shaft and drop 2 floors!
  1637 | D:3      | Found Lorghyuru's General Store.
  1643 | D:3      | Bought a scroll of immolation for 52 gold pieces
  2017 | D:3      | Reached skill level 1 in Armour
  2017 | D:3      | Gained mutation: Spells you cast may paralyse nearby
                  | enemies. [demonic ancestry]
  2017 | D:3      | Reached XP level 5. HP: 42/42 MP: 1/8
  2108 | D:3      | Reached skill level 1 in Maces & Flails
  2267 | D:3      | Found a basalt altar of Yredelemnul.
  2618 | D:3      | Found a shadowy altar of Dithmenos.
  2949 | D:3      | Reached skill level 1 in Stealth
  2954 | D:3      | Gained mutation: You regenerate magic rapidly. [demonic
                  | ancestry]
  2954 | D:3      | Reached XP level 6. HP: 43/48 MP: 1/10
  3154 | D:4      | Reached skill level 4 in Fire Magic
  3231 | D:4      | Slain by a gnoll

Illustrated notes

Levels and vault maps discovered:
D:1:      sevenhm_arrival_forest_fort_large_4, layout_rooms, serial_shops,
          nicolae_shop_bloodbath_and_beyond, corexii_leaking_fountain
D:2:      layout_basic, minmay_fractal_squares_gapless_5, uniq_jessica
D:3:      minmay_razor_zed, layout_basic, mainiacjoe_overflow_24_doors,
          nicolae_overflow_hidden_temple, serial_shops, shop,
          minmay_misc_feat_chi
D:4:      layout_rooms, lemuel_crystal_altar, dk_noncrumbling_2, uniq_grinder

Skill      XL: |  1  2  3  4  5  6 |
---------------+-------------------+-----
Long Blades    | 3 |  3.1
Fire Magic     | 3 4 |  4.2
Spellcasting   | 2 3 |  3.4
Armour         | 1 |  1.5
Maces & Flails | 1 |  1.6
Stealth        | 1 2 |  2.0
Fighting       | |  3.9
Dodging        | |  0.6

Action                     |  1- 3 |  4- 6 || total
---------------------------+-------+-------++-------
  Melee: Falchion          |    84 |     1 ||    85
         Headbutt          |     8 |     7 ||    15
         Punch             |     1 |       ||     1
         Mace              |       |    42 ||    42
   Cast: Scorch            |    17 |    43 ||    60
   Stab: Paralysed         |     4 |    14 ||    18
 Armour: Leather armour    |    25 |    11 ||    36
         Robe              |     2 |       ||     2
  Dodge: Dodged            |    46 |    14 ||    60

Table legend: (Time is in decaauts)
 A = Elapsed time spent in this place.
 B = Non-inter-level travel time spent in this place.
 C = Inter-level travel time spent in this place.
 D = Time resting spent in this place.
 E = Time spent auto-exploring this place.
 F = Levels seen in this place.
 G = Mean time per level.
                   A        B        C        D        E       F      G
               +--------+--------+--------+--------+--------+-----+--------+
         Total |   3257 |   3165 |     92 |      0 |   2658 |   4 |  814.2 |
       Dungeon |   3257 |   3165 |     92 |      0 |   2658 |   4 |  814.2 |
               +--------+--------+--------+--------+--------+-----+--------+

Top non-repeatable levels by time:
     D:3: 1307 daAuts
     D:2: 1013 daAuts
     D:1: 756 daAuts
     D:4: 179 daAuts
